 Dungeon Crawl Stone Soup version 0.15-a0-895-g19c7863 (console) character file.

253 Mottled the Basher (level 6, -4/93 HPs)
             Began as an Ogre Berserker on May 19, 2014.
             Was a Believer of Trog.
             Killed by divine providence
             ... invoked by an orc priest
              (8 damage)
             ... on Level 6 of the Dungeon.
             The game lasted 00:02:10 (466 turns).

Mottled the Basher (Ogre Berserker)                  Turns: 466, Time: 00:02:11

HP  -4/93        AC  3     Str 28      XL: 6   Next: 14%
MP   0/6         EV 10     Int  6      God: Trog [**....]
Gold 35          SH  0     Dex 11      Spells:  0 memorised,  5 levels left

rFire  . . .     SeeInvis .     k - +0 flail
rCold  . . .     Clarity  .     b - +0 animal skin
rNeg   . . .     Conserve .     (shield restricted)
rPois  .         rCorr    .     (helmet restricted)
rElec  .         rRot     .     (no cloak)
SustAb .         Spirit   +     (gloves unavailable)
rMut   .         Warding  .     (boots unavailable)
Gourm  .         Stasis   .     e - amulet of guardian spirit
MR     .....                    (no ring)
                                (no ring)

@: berserking (expiring), lethally poisoned, very quick, not resistant to
hostile enchantments, extremely unstealthy
A: unfitting armour, tough skin 1
a: Burn Spellbooks, Berserk, Trog's Hand, Renounce Religion


You were on level 6 of the Dungeon.
You worshipped Trog.
Trog was pleased with you.
You were not hungry.

You visited 1 branch of the dungeon, and saw 6 of its levels.

You collected 35 gold pieces.

Inventory:

Hand weapons
 a - a +0,+0 mace
 k - a +0,+0 flail (weapon)
Armour
 b - a +0 animal skin (worn)
Magical devices
 m - a wand of draining (5)
Comestibles
 c - a meat ration
 f - a pear
Scrolls
 g - 3 scrolls of remove curse {unknown}
 h - a scroll of identify {unknown}
 i - a scroll of blinking {unknown}
 l - a scroll of random uselessness {unknown}
Jewellery
 e - an amulet of guardian spirit (around neck)
Potions
 d - 2 potions of heal wounds {unknown}
 j - a potion of agility {unknown}


   Skills:
 - Level 4.0 Fighting
 + Level 8.8 Maces & Flails
 - Level 2.9 Dodging


You had 5 spell levels left.
You didn't know any spells.

Dungeon Overview and Level Annotations

Branches:
Dungeon (6/15)
 Temple: D:4-7

Altars:


Innate Abilities, Weirdness & Mutations

You are too large for most types of armour.
You have tough skin (AC +1).


Message History

* * * LOW HITPOINT WARNING * * *
You feel sick. The orc barely misses you. The kobold barely misses you.
You thump the orc warrior!
The orc warrior is heavily wounded.
* * * LOW HITPOINT WARNING * * *
You feel sick. The kobold closely misses you.
You bludgeon the orc warrior!!
You feel the power of Trog in you as your rage grows.
You kill the orc warrior!
Trog accepts your kill.
Your Maces & Flails skill increases to level 8!
You have reached level 6!
Your experience leads to an increase in your attributes!
Increase (S)trength, (I)ntelligence, or (D)exterity?
You feel agile.
You feel stronger.
* * * LOW HITPOINT WARNING * * *
You feel sick.
The orc priest invokes the aid of Beogh against you.
Something smites you!
You die...

................
.................
#.................#
#.........(.......#
#..............)..#
.........(.......#
..........(......#
#.................#
#......K@.%..?....#
#.....oo)[(.......#
.................#
..................
.......o.....(...#
..........?.....
..............
............
..........


You could see an orc priest, 2 orcs and a kobold.

Vanquished Creatures
  A phantom (D:4)
  An orc warrior (D:6)
  A hound (D:6)
  A worker ant (D:3)
  3 orcs
  4 jackals (D:2)
  4 bats
  5 kobolds
  A kobold zombie (D:3)
  4 rats
25 creatures vanquished.

Notes
Turn   | Place    | Note
--------------------------------------------------------------
     0 | D:1      | Mottled, the Ogre Berserker, began the quest for the Orb.
     0 | D:1      | Reached XP level 1. HP: 24/24 MP: 1/1
   126 | D:2      | Reached XP level 2. HP: 18/32 MP: 0/2
   185 | D:3      | Reached skill level 5 in Maces & Flails
   305 | D:3      | Reached XP level 3. HP: 38/39 MP: 3/3
   306 | D:3      | Acquired Trog's second power
   361 | D:4      | Noticed a phantom
   389 | D:4      | Killed a phantom
   389 | D:4      | Reached skill level 7 in Maces & Flails
   389 | D:4      | Reached XP level 4. HP: 16/48 MP: 2/4
   389 | D:4      | Reached XP level 5. HP: 18/54 MP: 2/5
   396 | D:5      | Entered Level 5 of the Dungeon
   455 | D:6      | Noticed an orc warrior
   466 | D:6      | Killed an orc warrior
   466 | D:6      | Reached skill level 8 in Maces & Flails
   466 | D:6      | Reached XP level 6. HP: 5/62 MP: 1/6
   466 | D:6      | HP: 4/93 [poisoned by a kobold]
   466 | D:6      | Killed from afar by an orc priest

Action                   |  1- 3 |  4- 6 || total
-------------------------+-------+-------++-------
Melee: Mace              |    50 |       ||    50
       Flail             |    20 |    10 ||    30
Invok: Berserk           |     1 |     1 ||     2
       Trog's Hand       |     1 |       ||     1
Evoke: Wand              |     1 |       ||     1
